 Dungeon Crawl Stone Soup version 0.30-a0-726-gd89dcf765f (webtiles) character file.

Game seed: 7405984048198708197

100 garrulousMonolith the Chopper (level 4, -1/41 HPs)
             Began as a Minotaur Berserker on Jan 29, 2023.
             Was a Believer of Trog.
             Slain by a hobgoblin (3 damage)
             ... on level 3 of the Dungeon.
             The game lasted 00:01:58 (1802 turns).

garrulousMonolith the Chopper (Minotaur Berserker)  Turns: 1802, Time: 00:01:58

Health: -1/41      AC: 10    Str: 19 (21) XL:     4   Next: 47%
Magic:  3/3        EV: 10    Int:  1 (4)  God:    Trog [**....]
Gold:   73         SH:  0    Dex: 11 (12) Spells: 3/3 levels left

rFire   . . .      SeeInvis .    a - +0 hand axe
rCold   . . .      Faith    +    (no shield)
rNeg    . . .      Spirit   .    k - +0 scale mail
rPois   .          Reflect  .    (helmet restricted)
rElec   .          Harm     .    (no cloak)
rCorr   .          Rampage  .    e - +1 pair of gloves
Will    .....                    l - +0 pair of boots Stlth
                                 d - amulet of faith
HPRegen 0.26/turn                (no ring)
MPRegen 0.08/turn                (no ring)

@: flying
A: horns 2, retaliatory headbutt
a: Renounce Religion, Berserk, Trog's Hand


You were on level 3 of the Dungeon.
You worshipped Trog.
Trog was pleased with you.
You visited 1 branch of the dungeon, and saw 3 of its levels.

You collected 73 gold pieces.

Inventory:

Hand Weapons
 a - a +0 hand axe (weapon)
Armour
 e - a +1 pair of gloves (worn)
 k - a +0 scale mail (worn)
 l - a +0 pair of boots (worn)
Jewellery
 d - an amulet of faith (around neck)
 m - a ring of willpower
Scrolls
 c - 2 scrolls of poison {unknown}
 f - 3 scrolls of identify {unknown}
Potions
 b - 2 potions of flight
 g - a potion of degeneration
 h - a potion of curing
 i - a potion of brilliance {unknown}
 j - a potion of invisibility {unknown}


   Skills:
 + Level 4.3 Fighting
 * Level 4.9 Axes
 + Level 3.3 Armour
 + Level 2.9 Dodging


You had 3 spell levels left.
You didn't know any spells.
Your spell library was empty.

Dungeon Overview and Level Annotations

Branches:
Dungeon (3/15)

Altars:
Vehumet

Annotations:
D:3 Sigmund


Innate Abilities, Weirdness & Mutations

You have a pair of horns on your head.
You reflexively headbutt those who attack you in melee.


Message History

You are too injured to fight recklessly!
You are too injured to fight recklessly!
You are too injured to fight recklessly!
You are too injured to fight recklessly!
You are too injured to fight recklessly!
You are too injured to fight recklessly!
You are too injured to fight recklessly!
You are too injured to fight recklessly!
You are too injured to fight recklessly!
You are too injured to fight recklessly!
You bump into the rock wall.
The hobgoblin hits you. The gnoll hits you with a +0 halberd.
The gnoll hits you with a +0 spear. The gnoll hits you but does no damage.
You bump into the rock wall.
The gnoll barely misses you. The gnoll hits you with a +0 spear.
The hobgoblin closely misses you. The gnoll closely misses you.
It was a potion of flight.
You feel very buoyant.
You fly up into the air.
The gnoll hits you with a +0 halberd!
* * * LOW HITPOINT WARNING * * *
The gnoll hits you with a +0 spear.
* * * LOW HITPOINT WARNING * * *
The hobgoblin hits you.
* * * LOW HITPOINT WARNING * * *
The gnoll barely misses you.
It was a potion of degeneration.
There was something very wrong with that liquid.
You feel weakened.
You feel dopey.
You feel clumsy.
Sigmund mumbles some strange words.
Sigmund flickers and vanishes!
Deactivating autopickup; reactivate with Ctrl-A.
The gnoll hits you but does no damage. x3; The hobgoblin closely misses you.
It was a potion of curing.
You feel better.
The gnoll hits you but does no damage. x3; The hobgoblin closely misses you.
Okay, then.
The gnoll attacks as you move away! The gnoll hits you but does no damage.
The gnoll hits you from afar with a +0 halberd!
* * * LOW HITPOINT WARNING * * *
The hobgoblin hits you.
You die...

.......##....#.##.#
...................
#............####.#
.#####............## #..
..................<# #.#
.......g.!.........# #..
......ggg.....#.#..# #.#
......g.# #####.#..###.#
.......@#######.....[...
..................#.#..#
........###.###.#.......
.######## #.# #.#.#.#..#
#######.###.#......#
....................
#######.###.#.###..# #.#
#......... #.#
###.###..#


You could see 3 gnolls and 2 hobgoblins.

Vanquished Creatures
  3 adders (D:2)
  2 worms (D:2)
  A dart slug (D:2)
  10 ball pythons
  7 endoplasms
  2 giant cockroaches
  3 goblins (D:1)
  4 hobgoblins
  12 jackals
  A quokka (D:1)
  2 bats
  5 frilled lizards
  5 kobolds
  4 rats
61 creatures vanquished.

Vanquished Creatures (others)
  A plant (D:2)
1 creature vanquished.

Grand Total: 62 creatures vanquished

Notes
Turn   | Place    | Note
-------+----------+-------------------------------------------
     0 | D:1      | garrulousMonolith the Minotaur Berserker began the quest
                  | for the Orb.
     0 | D:1      | Reached XP level 1. HP: 19/19 MP: 0/0
   142 | D:1      | Reached XP level 2. HP: 24/27 MP: 1/1
   615 | D:1      | Reached XP level 3. HP: 33/33 MP: 2/2
   637 | D:1      | Reached ** piety under Trog
  1347 | D:2      | Found a radiant altar of Vehumet.
  1355 | D:2      | Reached XP level 4. HP: 40/40 MP: 3/3
  1795 | D:3      | Noticed Sigmund
  1799 | D:3      | HP: 2/41 [hobgoblin (1)]
  1802 | D:3      | Slain by a hobgoblin

Illustrated notes

Levels and vault maps discovered:
D:1:      saegor_arrival_simple_d, layout_loops_cross, minmay_tripent
D:2:      layout_loops_ring, basic_altar, glass_columns_a,
          minmay_shallow_snake_nest
D:3:      layout_basic, serial_glass, glass_columns_a, glass_columns_b,
          glass_columns_a, glass_columns_c, glass_columns_c, glass_columns_b,
          glass_columns_a, glass_columns_b, glass_columns_a, glass_columns_b,
          uniq_sigmund, uniq_terence

Skill      XL: |  1  2  3 |
---------------+----------+-----
Axes           | 4 |  4.9
Armour         | 3 |  3.3
Fighting       | 4 |  4.3
Dodging        | |  2.9

Action                     |  1- 3 |  4- 6 || total
---------------------------+-------+-------++-------
  Melee: Hand axe          |   102 |    38 ||   140
         Headbutt          |    14 |     7 ||    21
         Punch             |     1 |       ||     1
    Use: Potion            |       |     3 ||     3
 Armour: Leather armour    |    15 |       ||    15
         Animal skin       |     3 |       ||     3
         Scale mail        |    20 |    31 ||    51
  Dodge: Dodged            |    56 |    33 ||    89

Table legend: (Time is in decaauts)
 A = Elapsed time spent in this place.
 B = Non-inter-level travel time spent in this place.
 C = Inter-level travel time spent in this place.
 D = Time resting spent in this place.
 E = Time spent auto-exploring this place.
 F = Levels seen in this place.
 G = Mean time per level.
                   A        B        C        D        E       F      G
               +--------+--------+--------+--------+--------+-----+--------+
         Total |   1814 |   1710 |    104 |     76 |   1276 |   3 |  604.7 |
       Dungeon |   1814 |   1710 |    104 |     76 |   1276 |   3 |  604.7 |
               +--------+--------+--------+--------+--------+-----+--------+

Top non-repeatable levels by time:
     D:1: 938 daAuts
     D:2: 747 daAuts
     D:3: 128 daAuts
